 Dungeon Crawl Stone Soup version 0.23.2-33-g5129a83184 (webtiles) character file.

Game seed: 15397806921903236694

58 psyvane the Gusty (level 3, 0/19 HPs)
             Began as a Deep Elf Air Elementalist on July 18, 2019.
             Succumbed to an adder's poison
             ... on level 2 of the Dungeon.
             The game lasted 00:05:13 (1040 turns).

psyvane the Gusty (Deep Elf Air Elementalist)       Turns: 1040, Time: 00:05:14

Health: 0/19       AC:  2    Str: 10    XL:     3   Next: 76%
Magic:  2/9        EV: 18    Int: 19    God:
Gold:   25         SH:  0    Dex: 21    Spells: 2/8 levels left

rFire    + . .     SeeInvis .   b - +0 spear
rCold    . . .     Gourm    .   (no shield)
rNeg     . . .     Faith    .   a - +0 robe
rPois    .         Spirit   .   (no helmet)
rElec    .         Reflect  .   (no cloak)
rCorr    .         Harm     .   (no gloves)
MR       .....                  (no boots)
Stlth    +++.......             h - amulet of inaccuracy (curse)
HPRegen  0.06/turn              e - ring of protection from fire
MPRegen  0.11/turn              (no ring)

@: mighty, agile, lethally poisoned (0 -> -6), sluggish, berserk cooldown,
slowed, very slow
A: no striking features
a: no special abilities


You were on level 2 of the Dungeon.
You were not hungry.

You visited 1 branch of the dungeon, and saw 2 of its levels.

You collected 25 gold pieces.

Inventory:

Hand Weapons
 b - a +0 spear (weapon)
Armour
 a - a +0 robe (worn)
 i - a +1 leather armour of fire resistance
Jewellery
 e - a ring of protection from fire (left hand)
 h - a cursed amulet of inaccuracy (around neck)
Comestibles
 c - a ration
 f - 2 chunks of flesh


   Skills:
 - Level 2.4 Dodging
 - Level 2.4 Stealth
 - Level 3.0 Spellcasting
 - Level 1.1 Conjurations
 * Level 4.7 Air Magic


You had 2 spell levels left.
You knew the following spells:

 Your Spells              Type           Power        Failure   Level  Hunger
a - Shock                 Conj/Air       ##..         4%          1    None
b - Swiftness             Chrm/Air       ##......     9%          2    ##.....
c - Static Discharge      Conj/Air       ##......     14%         3    ###....

Your spell library contained the following spells:

 Spells                   Type           Power        Failure   Level  Hunger
 Airstrike                Air            ###.......   22%         4    ####...
 Lightning Bolt           Conj/Air       ##........   77%         5    ######.


Dungeon Overview and Level Annotations

Branches:
Dungeon (2/15)

Altars:


Message History

You eat one of the 2 rations.
That ration really hit the spot!
You feel sluggish.
* * * LOW HITPOINT WARNING * * *
You feel sick.
Oops, that amulet feels deathly cold.
h - a cursed amulet of inaccuracy (around neck)
e - a ring of protection from fire (left hand)
* * * LOW HITPOINT WARNING * * *
You feel sick.
You aren't carrying any potions.
You aren't carrying any scrolls.
Sorry, you're not good enough to have a special ability.
Unknown command.
Okay, then.
A worm comes into view.
* * * LOW HITPOINT WARNING * * *
You feel sick.
Your magical contamination has completely faded away.
You start to feel a little faster.
You die...

....>...# #.##
#####.#.# ####..##
#...####......
##....##....#
#.##<.#.<..# #..
##......#
#.#####†....#####...
...................#
............@%####..
.###...........#
##.####..##.# #..
#.###..# #.. #.#
##..w .. #.# ##.# #.
..# .#


There were no monsters in sight!

Vanquished Creatures
  A gnoll (D:1)
  An adder (D:2)
  4 dart slugs (D:1)
  2 giant cockroaches (D:1)
  5 goblins (D:1)
  2 hobgoblins (D:1)
  2 jackals (D:1)
  3 kobolds
  5 bats
  2 frilled lizards (D:1)
  5 rats (D:1)
32 creatures vanquished.

Notes
Turn   | Place    | Note
-------+----------+-------------------------------------------
     0 | D:1      | psyvane the Deep Elf Air Elementalist began the quest for
                  | the Orb.
     0 | D:1      | Reached XP level 1. HP: 10/10 MP: 6/6
   101 | D:1      | Reached XP level 2. HP: 15/15 MP: 4/8
   128 | D:1      | Learned a level 2 spell: Swiftness
   162 | D:1      | Reached skill level 4 in Air Magic
   271 | D:1      | Reached XP level 3. HP: 12/19 MP: 4/9
   976 | D:1      | Learned a level 3 spell: Static Discharge
  1040 | D:2      | Succumbed to an adder's poison

Skill      XL: |  1  2 |
---------------+-------+-----
Air Magic      | 4 |  4.7
Dodging        | |  2.4
Stealth        | |  2.4
Spellcasting   | |  3.0
Conjurations   | |  1.1

Action                   || total
-------------------------++-------
Melee: Spear             ||    12
 Cast: Shock             ||    60
       Swiftness         ||     1
  Use: Potion            ||     3
       Scroll            ||     2
 Stab: Sleeping          ||     1
  Eat: Ration            ||     1
Armor: Robe              ||     7
Dodge: Dodged            ||    15
